 Dungeon Crawl Stone Soup version 0.18-a0-1229-ge9a1a01 (webtiles) character file.

206 MrRokkomies the Conjurer (level 5, 0/32 HPs)
             Began as a Tengu Air Elementalist on Feb 4, 2016.
             Slain by an iguana (12 damage)
             ... on level 4 of the Dungeon.
             The game lasted 00:10:14 (3413 turns).

MrRokkomies the Conjurer (Tengu Air Elementalist)   Turns: 3413, Time: 00:10:14

Health: 0/32       AC:  3    Str:  9    XL:     5   Next: 84%
Magic:  0/9        EV: 12    Int: 16    God:
Gold:   142        SH:  3    Dex: 14    Spells: 3 memorised, 3 levels left

rFire  . . .     SeeInvis .     a - +2 short sword (venom)
rCold  . . .     Gourm    .     h - +0 robe
rNeg   . . .     Faith    .     s - +0 buckler (curse)
rPois  .         Spirit   +     e - +1 hat {Spirit}
rElec  .         Dismiss  .     (no cloak)
rCorr  .         Reflect  .     (no gloves)
SustAt .         Harm     .     (boots unavailable)
MR     .....                    (no amulet)
Stlth  ++........               (no ring)
                                (no ring)

@: sluggish, very slightly contaminated, repel missiles, very slow, not
resistant to hostile enchantments, unstealthy
A: beak, talons 3, able to fly 1
a: Fly


You were on level 4 of the Dungeon.
You were hungry.

You visited 1 branch of the dungeon, and saw 4 of its levels.

You collected 142 gold pieces.

Inventory:

Hand Weapons
 a - a +2 short sword of venom (weapon)
 f - a +0 blowgun
Missiles
 k - 30 poisoned needles
Armour
 e - a +1 hat of spirit shield (worn)
 h - a +0 robe (worn)
 s - a cursed +0 buckler (worn)
Scrolls
 g - a scroll of remove curse
 j - a scroll of noise
 l - 2 scrolls of fear
Potions
 i - a potion of brilliance
 m - a potion of resistance {unknown}
 n - a potion of flight {unknown}
 o - a potion of haste
 q - a potion of lignification {unknown}
 r - a potion of might {unknown}
 u - a potion of mutation {unknown}
Books
 b - a book of Air

   Spells                             Type                      Level
   a - Shock                          Conjuration/Air              1
   b - Swiftness                      Charms/Air                   2
   c - Repel Missiles                 Charms/Air                   2
   d - Static Discharge               Conjuration/Air              3
   e - Lightning Bolt                 Conjuration/Air              5
 p - a Grand Grimoire

   Spells                             Type                      Level
   a - Monstrous Menagerie            Summoning                    7
   b - Summon Greater Demon           Summoning                    7
   c - Malign Gateway                 Summoning/Translocation      7
   d - Summon Horrible Things         Summoning                    8
Comestibles
 c - 2 bread rations
 d - 2 beef jerkies
 t - a meat ration
 v - 2 chunks of flesh


   Skills:
 * Level 3.0 Fighting
 - Level 2.1 Dodging
 - Level 2.0 Stealth
 - Level 2.0 Spellcasting
 * Level 5.1 Conjurations
 - Level 5.0 Air Magic


You had 3 spell levels left.
You knew the following spells:

 Your Spells              Type           Power        Failure   Level  Hunger
a - Shock                 Conj/Air       ###.         4%          1    #......
b - Repel Missiles        Chrm/Air       #.....       21%         2    ###....
c - Swiftness             Chrm/Air       #.......     21%         2    ###....


Dungeon Overview and Level Annotations

Branches:
Dungeon (4/15)
 Temple: D:4-7

Altars:


Innate Abilities, Weirdness & Mutations

You have a beak for a mouth.
You have claws for feet.
You can fly.


Message History

The iguana misses you. The iguana barely misses you.
You barely miss the iguana. Your peck misses the iguana.
The iguana is severely wounded.
The iguana barely misses you.
You hit the iguana but do no damage. You peck the iguana.
The iguana is severely wounded.
You hear the slow hiss of an avalanche of sand nearby.
The iguana barely misses you.
You hit the iguana but do no damage. You claw the iguana.
You peck the iguana, but do no damage.
The iguana is severely wounded.
The iguana barely misses you.
You closely miss the iguana.
The iguana is severely wounded.
You feel sluggish. The iguana misses you.
You hit the iguana but do no damage.
The iguana is poisoned.
The iguana is severely wounded.
The iguana bites you!
You die...

7..7..............
##.....#77.P7.#7.
####..#7P....#
#..#P.7..## .7
#...P.PP7....#
##..7.777##7.7
#....# .# #l####
#7.7 #@#
#####.#####o.
#.####............
#......###.######.
######## #.# #.#
#.# #.# ########.#
#........#


You could see an iguana.

Vanquished Creatures
  A centaur skeleton (D:3)
  2 iguanas
  3 adders (D:2)
  2 oozes
  3 worms
  An orc (D:3)
  5 bats
  3 giant cockroaches
  4 hobgoblins
  22 jackals
  11 kobolds
  A quokka (D:4)
  3 giant newts
  8 goblins
  7 rats
76 creatures vanquished.

Notes
Turn   | Place    | Note
--------------------------------------------------------------
     0 | D:1      | MrRokkomies the Tengu Air Elementalist began the quest for the Orb.
     0 | D:1      | Reached XP level 1. HP: 10/10 MP: 4/4
   305 | D:1      | Reached XP level 2. HP: 15/15 MP: 3/6
   770 | D:1      | Reached XP level 3. HP: 19/19 MP: 7/7
   905 | D:1      | Reached skill level 5 in Air Magic
  1517 | D:2      | Reached skill level 1 in Fighting
  1596 | D:2      | Reached XP level 4. HP: 22/25 MP: 5/8
  1601 | D:2      | Learned a level 2 spell: Repel Missiles
  1604 | D:2      | Learned a level 2 spell: Swiftness
  2367 | D:3      | Gained mutation: You can fly. [Tengu growth]
  2367 | D:3      | Reached XP level 5. HP: 19/30 MP: 6/9
  3289 | D:4      | Reached skill level 5 in Conjurations
  3413 | D:4      | Slain by an iguana

Vault maps used:
D:1:      mushboom_english_gardens
D:4:      serial_forest, infiniplex_forest_end_2, infiniplex_forest_clump_cross,
          infiniplex_forest_corner_2, infiniplex_forest_clump_small,
          infiniplex_forest_corner_1, infiniplex_forest_clump_long,
          infiniplex_forest_straight_1, infiniplex_forest_lined_2,
          infiniplex_forest_end_3, nicolae_ossuary_entry_plus, lightli_minifort,
          uniq_edmund

Action                   |  1- 3 |  4- 6 || total
-------------------------+-------+-------++-------
Melee: Short sword       |    49 |    78 ||   127
 Cast: Shock             |    31 |    35 ||    66
       Repel Missiles    |       |     1 ||     1
       Swiftness         |       |     2 ||     2
  Use: Scroll            |     8 |     1 ||     9
       Potion            |     1 |       ||     1
 Stab: Sleeping          |     2 |     1 ||     3
  Eat: Chunk             |     3 |     6 ||     9
